 Dungeon Crawl Stone Soup version 0.29-a0-887-gcbe080d7e0 (webtiles) character file.

Game seed: 12287145548806220335

585 inmateoo the Ruffian (level 7, -3/54 HPs)
             Began as a Demonspawn Gladiator on July 22, 2022.
             Slain by a gnoll
             ... wielding a +0 flail
              (8 damage)
             ... on level 5 of the Dungeon.
             The game lasted 00:04:51 (4675 turns).

inmateoo the Ruffian (Demonspawn Gladiator)         Turns: 4675, Time: 00:04:52

Health: -3/54      AC: 10    Str: 16 (17) XL:     7   Next: 15%
Magic:  7/7        EV:  8    Int:  7 (9)  God:
Gold:   318        SH:  0    Dex: 12 (14) Spells: 6/6 levels left

rFire   . . .      SeeInvis .     - Unarmed
rCold   . . .      Faith    .   (no shield)
rNeg    . . .      Spirit   .   q - +0 chain mail
rPois   .          Reflect  .   b - +1 helmet
rElec   .          Harm     .   (no cloak)
rCorr   .          Rampage  .   n - +0 pair of gloves
Will    .....                   r - +1 pair of boots
Stlth   ..........              (no amulet)
HPRegen 0.18/turn               (no ring)
MPRegen 0.10/turn               (no ring)

@: mighty, corroded, flying
A: foul stench 2, spiny 1, demonic touch 1
a: no special abilities


You were on level 5 of the Dungeon.
You visited 1 branch of the dungeon, and saw 5 of its levels.

You collected 344 gold pieces.
You spent 26 gold pieces at shops.

Inventory:

Hand Weapons
 f - a +2 dagger of venom
Missiles
 c - 3 throwing nets (quivered)
 d - a javelin
Armour
 b - a +1 helmet (worn)
 n - a +0 pair of gloves (worn)
 q - a +0 chain mail (worn)
 r - a +1 pair of boots (worn)
Jewellery
 l - a ring of flight
 s - a ring of fire
Scrolls
 e - a scroll of teleportation
Potions
 g - a potion of mutation
 h - 3 potions of attraction
 j - a potion of haste {unknown}
 k - a potion of flight


   Skills:
 + Level 4.2 Fighting
 - Level 1.7 Throwing
 + Level 3.2 Armour
 + Level 4.3 Dodging
 + Level 4.4 Unarmed Combat


You had 6 spell levels left.
You didn't know any spells.
Your spell library contained the following spells:

 Spells                   Type           Power      Damage    Failure   Level
 Magic Dart               Conj           0%         1d3       100%        1
 Searing Ray              Conj           0%         2d4       100%        2
 Gell's Gravitas          Tloc           0%         N/A       100%        3
 Stone Arrow              Conj/Erth      0%         3d7       100%        3
 Teleport Other           Tloc           0%         N/A       100%        3
 Animate Armour           Summ/Erth      0%         N/A       100%        4
 Fulminant Prism          Conj/Hex       0%         3d6       100%        4
 Dispersal                Tloc           0%         N/A       100%        6
 Lehudib's Crystal Spear  Conj/Erth      0%         10d2      100%        8


Dungeon Overview and Level Annotations

Branches:
Dungeon (5/15)
 Temple: D:4-7

Altars:
Dithmenos
Gozag
Hepliaklqana
Nemelex Xobeh
Qazlal
Ru
Uskayaw
Wu Jian

Shops:
D:1 *


Innate Abilities, Weirdness & Mutations

You sometimes emit foul miasma when damaged in melee.
You are partially covered in sharp spines.
Your touch may inflict minor irresistible damage on your foes.


Message History

You miss the adder.
You touch the adder!
The adder is almost dead.
The adder is struck by your spines.
You kill the adder!
The hound pauses to sniff the ground.
You hit the hound but do no damage. The hound closely misses you.
You hit the hound but do no damage.
You touch the hound!
The hound is severely wounded.
The hound bites you. The hound attacks as you move away!
The hound barely misses you.
You hit the hound.
You kill the hound!
You hit the orc.
The orc is almost dead.
The orc hits you with a +0 club.
You are too injured to fight recklessly!
You are too injured to fight recklessly!
You closely miss the orc. You punch the orc.
You kill the orc!
The gnoll zaps a wand.
The bolt of acid misses you.
The gnoll zaps a wand.
The bolt of acid hits you!!
* * * LOW HITPOINT WARNING * * *
The acid corrodes you!
Items here: ( )) †††.
You aren't carrying any items that you can evoke.
Unknown command.
It was a potion of flight.
You feel very buoyant.
You fly up into the air.
The gnoll barely misses you.
It was a potion of might.
You feel very mighty all of a sudden. The gnoll hits you but does no damage.
Unknown command.
It was a potion of magic.
Magic courses through your body.
The gnoll zaps a wand.
The bolt of acid misses you.
It was a potion of degeneration.
There was something very wrong with that liquid.
You feel weakened.
You feel dopey.
You feel clumsy. The gnoll hits you with a +0 flail!
You die...

###. ..........) ..#.
#.......... ..... #..........
.... #........[. #..g
#.#........ #..#
#######.##.......
#..####.......##.......
#...###...........#...
###gg@................
#####....####....... ##.....#
#....### ##......####....#
#..#.###.#.####.#
###########.##.# ##.#.# #.##
#........##.##.# #.#.## #..#.
#...........##.####.#.###....
#........#####....####....#


You could see 2 gnolls.

Vanquished Creatures
  An ice beast (D:4)
  An ogre (D:5)
  A howler monkey (D:4)
  4 hounds (D:5)
  Natasha (twice) (D:3)
  Robin (D:2)
  A gnoll (D:5)
  6 adders
  5 worms
  2 dart slugs
  4 orcs
  8 endoplasms
  3 giant cockroaches
  17 goblins
  8 hobgoblins
  2 jackals (D:1)
  11 kobolds
  2 quokkas
  6 ball pythons
  11 bats
  2 frilled lizards (D:3)
  6 rats
  A spectral kobold (D:3)
105 creatures vanquished.

Notes
Turn   | Place    | Note
-------+----------+-------------------------------------------
     0 | D:1      | inmateoo the Demonspawn Gladiator began the quest for the
                  | Orb.
     0 | D:1      | Reached XP level 1. HP: 16/16 MP: 1/1
   335 | D:1      | Gained mutation: Your touch may inflict minor irresistible
                  | damage on your foes. [demonic ancestry]
   335 | D:1      | Reached XP level 2. HP: 18/22 MP: 2/2
   467 | D:1      | Found a faded altar of an unknown god.
   671 | D:1      | Found Merou's General Store.
   678 | D:1      | Bought a scroll of identify for 26 gold pieces
   745 | D:1      | Reached skill level 1 in Armour
  1040 | D:2      | Reached XP level 3. HP: 28/28 MP: 3/3
  1275 | D:2      | Noticed Robin
  1285 | D:2      | Killed Robin
  1667 | D:2      | Reached XP level 4. HP: 34/34 MP: 4/4
  2624 | D:3      | Noticed Natasha
  2635 | D:3      | Killed Natasha
  2636 | D:3      | Gained mutation: You may rarely emit foul miasma when
                  | damaged in melee. [demonic ancestry]
  2636 | D:3      | Reached XP level 5. HP: 10/41 MP: 5/5
  3131 | D:3      | Found a sacrificial altar of Ru.
  3131 | D:3      | Found a stormy altar of Qazlal.
  3131 | D:3      | Found a shadowy altar of Dithmenos.
  3182 | D:3      | Found a hazy altar of Hepliaklqana.
  3226 | D:3      | Noticed Natasha
  3230 | D:3      | Killed Natasha
  3241 | D:3      | Found a sparkling altar of Nemelex Xobeh.
  3371 | D:4      | Found an ornate altar of the Wu Jian Council.
  3433 | D:4      | Noticed an ice beast
  3446 | D:4      | Killed an ice beast
  3447 | D:4      | Gained mutation: You sometimes emit foul miasma when
                  | damaged in melee. [demonic ancestry]
  3447 | D:4      | Reached XP level 6. HP: 9/48 MP: 6/6
  3812 | D:4      | Found a hide-covered altar of Uskayaw.
  3852 | D:4      | Found an opulent altar of Gozag.
  4425 | D:5      | Entered Level 5 of the Dungeon
  4654 | D:5      | Gained mutation: You are partially covered in sharp spines.
                  | [demonic ancestry]
  4654 | D:5      | Reached XP level 7. HP: 40/54 MP: 7/7
  4675 | D:5      | Slain by a gnoll

Illustrated notes

Levels and vault maps discovered:
D:1:      wander_arrival_desolate, layout_basic, serial_shops, shop_fountains,
          shapermc_ecumenical_altar_totnotflames,
          nicolae_concentric_dashed_squares_mild
D:2:      minmay_diamond_boxcup, layout_basic, columned_hall_lemuel,
          nicolae_wormholes, uniq_robin
D:3:      layout_rooms, overflow_temple_1_default,
          nicolae_hepliaklqana_monster_ancestors,
          gammafunk_temple_overflow_claw, uniq_natasha
D:4:      layout_gridville, mainiacjoe_overflow_small_starburst,
          mainiacjoe_overflow_concentric_impassable,
          nicolae_gozag_cash_rules_everything_around_me
D:5:      lemuel_ice_spiral_2, layout_rooms, mainiacjoe_overflow_catwalk,
          minivault_26, st_stairs_5, minivault_24, grunt_decor_clamped

Skill      XL: |  1  2  3  4  5  6 |
---------------+-------------------+-----
Unarmed Combat | 3 4 |  4.4
Armour         | 1 2 3 |  3.2
Dodging        | 3 4 |  4.3
Fighting       | 3 4 |  4.2
Throwing       | |  1.7

Action                   |  1- 3 |  4- 6 |  7- 9 || total
-------------------------+-------+-------+-------++-------
Melee: Unarmed           |    99 |   189 |    10 ||   298
       Touch             |    12 |    31 |     3 ||    46
       Dagger            |     5 |       |       ||     5
       Punch             |       |     5 |     1 ||     6
  Use: Scroll            |     3 |     5 |       ||     8
       Potion            |       |       |     4 ||     4
 Stab: Sleeping          |     1 |     1 |       ||     2
Armor: Leather armour    |    35 |    31 |       ||    66
       Chain mail        |       |    50 |     4 ||    54
Dodge: Dodged            |    75 |    96 |     7 ||   178

Table legend: (Time is in decaauts)
 A = Elapsed time spent in this place.
 B = Non-inter-level travel time spent in this place.
 C = Inter-level travel time spent in this place.
 D = Time resting spent in this place.
 E = Time spent auto-exploring this place.
 F = Levels seen in this place.
 G = Mean time per level.
                   A        B        C        D        E       F      G
               +--------+--------+--------+--------+--------+-----+--------+
         Total |   4676 |   4505 |    171 |   1704 |   1996 |   5 |  935.2 |
       Dungeon |   4676 |   4505 |    171 |   1704 |   1996 |   5 |  935.2 |
               +--------+--------+--------+--------+--------+-----+--------+

Top non-repeatable levels by time:
     D:1: 1507 daAuts
     D:2: 1353 daAuts
     D:4: 1034 daAuts
     D:3: 640 daAuts
     D:5: 140 daAuts
